 Dungeon Crawl Stone Soup version 0.21-a0-396-ga924934 (webtiles) character file.

28 Mitsuki the Changer (level 3, 0/31 HPs)
             Began as a Naga Transmuter on Oct 19, 2017.
             Slain by a hound (3 damage)
             ... on level 2 of the Dungeon.
             The game lasted 00:03:39 (1791 turns).

Mitsuki the Changer (Naga Transmuter)               Turns: 1791, Time: 00:03:40

Health: 0/31       AC:  4    Str: 12    XL:     3   Next: 12%
Magic:  5/6        EV: 12    Int: 14    God:
Gold:   118        SH:  0    Dex: 11    Spells: 2/6 levels left

rFire    . . .     SeeInvis +   i - +0 whip
rCold    . . .     Gourm    .   (no shield)
rNeg     . . .     Faith    .   b - +0 robe
rPois    +         Spirit   .   (no helmet)
rElec    .         Reflect  .   (no cloak)
rCorr    .         Harm     .   (no gloves)
MR       .....                  (no barding)
Stlth    +.........             (no amulet)
HPRegen  0.10/turn              (no ring)
MPRegen  0.10/turn              (no ring)

@: appendage, very slightly contaminated, very slow
A: horns 2, repulsion field 1, yellow scales 1, see invisible, deformed body,
poison resistance, slowness 2, slow metabolism 1, spit poison 1, AC +1
a: Spit Poison, End Transformation


You were on level 2 of the Dungeon.
You were not hungry.
You had grown temporary horns.
You visited 1 branch of the dungeon, and saw 2 of its levels.

You collected 118 gold pieces.

Inventory:

Hand Weapons
 i - a +0 whip (weapon)
Missiles
 a - 12 arrows
Armour
 b - a +0 robe (worn)
Scrolls
 e - a scroll of noise {unknown}
 g - a scroll of fear {unknown}
 k - 2 scrolls of remove curse {unknown}
 l - a scroll of identify {unknown}
 m - a scroll of magic mapping {unknown}
Potions
 f - a potion of curing {unknown}
 h - 2 potions of flight
 j - 2 potions of resistance {unknown}
 o - a potion of ambrosia {unknown}
Books
 c - a book of Changes

   Spells                             Type                      Level
   a - Beastly Appendage              Transmutation                1
   b - Sticks to Snakes               Transmutation                2
   c - Spider Form                    Transmutation/Poison         3
   d - Ice Form                       Ice/Transmutation            4
   e - Blade Hands                    Transmutation                5
Comestibles
 d - 2 chunks of flesh


   Skills:
 - Level 1.0 Fighting
 - Level 1.5 Dodging
 - Level 3.0 Unarmed Combat
 - Level 2.0 Spellcasting
 + Level 3.5 Transmutations


You had 2 spell levels left.
You knew the following spells:

 Your Spells              Type           Power        Failure   Level  Hunger
a - Beastly Appendage     Tmut           ##....       5%          1    ##.....
b - Spider Form           Tmut/Pois      #.........   34%         3    ####...


Dungeon Overview and Level Annotations

Branches:
Dungeon (2/15)

Altars:


Innate Abilities, Weirdness & Mutations

You cannot wear boots.
Your serpentine skin is tough. (AC +1)
You have supernaturally acute eyesight. (SInv)
Armour fits poorly on your strangely shaped body.
Your system is resistant to poisons. (rPois)
You cover ground very slowly.
You have a slow metabolism.
You can spit poison.
You have a pair of horns on your head.
You are surrounded by a mild repulsion field. (EV +2)
You are partially covered in yellow scales. (AC +2)


Message History

You take 1 damage, and have 5/31 hp.
Casting: Beastly Appendage
Confirm with . or Enter, or press ? or * to list all spells.
You grow a pair of large bovine horns.
You have got your breath back.
The hound completely misses you.
You now have 4/6 mp.
You hit the hound but do no damage. Your headbutt misses the hound.
The hound is severely wounded.
The hound barely misses you. The hound bites you.
* * * LOW HITPOINT WARNING * * *
You take 3 damage, and have 2/31 hp.
You closely miss the hound.
The hound is severely wounded.
The hound completely misses you. The hound bites you but does no damage.
You miss the hound.
The hound is severely wounded.
The hound pauses to sniff the ground.
The hound bites you.
You die...

##### #...# #...#
#####...#######
...............
#...#
#####...#########
........(h(....(..
##....####@######.
#.... #.# #.h. #.#
#... #.# .... #..
.#.. ###


You could see a hound.

Vanquished Creatures
  2 giant cockroaches
  3 hobgoblins (D:1)
  6 jackals (D:1)
  4 kobolds
  5 bats (D:1)
  A frilled lizard (D:1)
  4 rats
25 creatures vanquished.

Notes
Turn   | Place    | Note
-------+----------+-------------------------------------------
     0 | D:1      | Mitsuki the Naga Transmuter began the quest for the Orb.
     0 | D:1      | Reached XP level 1. HP: 18/18 MP: 3/3
   562 | D:1      | Reached XP level 2. HP: 23/25 MP: 3/5
   954 | D:1      | Gained mutation: You are surrounded by a mild repulsion field. (EV +2) [potion of mutation]
   954 | D:1      | Gained mutation: You are partially covered in yellow scales. (AC +2) [potion of mutation]
  1436 | D:1      | Reached XP level 3. HP: 11/31 MP: 6/6
  1683 | D:1      | Learned a level 3 spell: Spider Form
  1791 | D:2      | Slain by a hound

Vault maps used:
D:1:      lemuel_arrival_lava_pool, roderic_serpentine_path
D:2:      nicolae_qazlal_general_emergency, first_bread

Skill      XL: |  1  2 |
---------------+-------+-----
Transmutations | 3 |  3.5
Fighting       | |  1.0
Dodging        | |  1.5
Unarmed Combat | |  3.0
Spellcasting   | |  2.0

Action                   || total
-------------------------++-------
Melee: Unarmed           ||    19
       Whip              ||    88
       Headbutt          ||     8
       Punch             ||     1
 Cast: Beastly Appendage ||    15
 Abil: Spit Poison       ||     6
  Use: Potion            ||     2
 Stab: Sleeping          ||     2
  Eat: Bread ration      ||     1
Armor: Robe              ||    32
Dodge: Dodged            ||    75

Table legend:
 A = Spawn XP
 B = Non-spawn XP
 C = Spawn XP percentage of total XP
 D = Spawn monster count
 E = Non-spawn monster count
 F = Spawn count percentage of total count
 G = Total turns spent on level
                    A         B        C        D         E        F      G
               +---------+---------+-------+---------+---------+-------+---------
         Total |       0 |      40 |   0.0 |       0 |      25 |   0.0 |  1791
               +---------+---------+-------+---------+---------+-------+---------
           D:1 |       0 |      35 |   0.0 |       0 |      22 |   0.0 |  1713
           D:2 |       0 |       5 |   0.0 |       0 |       3 |   0.0 |    78
               +---------+---------+-------+---------+---------+-------+---------
